BSA
JERSEY SHORE D-BAGS @ MADISON BOMBERS
04/26/2026
 
TOP OF THE 1ST
Jersey Shore D-Bags batting - Pitching for Madison Bombers : RHP Claudio Segura
Pitching: RHP Claudio Segura
Batting: RHB Ricardo González 0-0: Ball
1-0: Foul Ball, location: 2F
1-1: Swinging Strike
1-2: Ball
2-2: Ball
3-2: Foul Ball, location: 2F
3-2: Foul Ball, location: 2F
3-2: Fly out, F7 (Flyball, 7M)
Batting: RHB Millard Boyd 0-0: Foul Ball, location: 2F
0-1: Ball
1-1: Fly out, F2 (Popup, 3SF)
Batting: LHB Dave Dodd 0-0: Ball
1-0: Foul Ball, location: 2F
1-1: Ball
2-1: SINGLE (Groundball, 5D)
Batting: RHB Matt Doyle 0-0: Called Strike
0-1: Swinging Strike
0-2: Ball
1-2: Foul Ball, location: 2F
1-2: Foul Ball, location: 2F
1-2: Strikes out looking
Top of the 1st over - 0 run(s), 1 hit(s), 0 error(s), 1 left on base; Jersey Shore 0 - Madison 0
BOTTOM OF THE 1ST
Madison Bombers batting - Pitching for Jersey Shore D-Bags : LHP Ramón Ruíz
Pitching: LHP Ramón Ruíz
Batting: SHB Dave MacThomas 0-0: Ball
1-0: Fly out, F7 (Line Drive, 7S)
Batting: LHB Sixto Cantú 0-0: Foul Ball, location: 2F
0-1: Foul Ball, location: 2F
0-2: Ball
1-2: Ball
2-2: Ball
3-2: Foul Ball, location: 2F
3-2: Foul Ball, location: 2F
3-2: Strikes out swinging
Batting: RHB Vicente Aguirre 0-0: Foul Ball, location: 2F
0-1: Foul Ball, location: 2F
0-2: Strikes out looking
Bottom of the 1st over - 0 run(s), 0 hit(s), 0 error(s), 0 left on base; Jersey Shore 0 - Madison 0
TOP OF THE 2ND
Jersey Shore D-Bags batting - Pitching for Madison Bombers : RHP Claudio Segura
Batting: RHB Miguel Serna 0-0: Ball
1-0: Ball
2-0: SINGLE (Line Drive, 9S)
Batting: LHB Robert Phillips 0-0: Grounds into double play, 2-6-3 (Groundball, 2L)
Batting: RHB Wilson Martínez 0-0: Called Strike
0-1: Ball
1-1: Ground out 6-3 (Groundball, 6)
Top of the 2nd over - 0 run(s), 1 hit(s), 0 error(s), 0 left on base; Jersey Shore 0 - Madison 0
BOTTOM OF THE 2ND
Madison Bombers batting - Pitching for Jersey Shore D-Bags : LHP Ramón Ruíz
Batting: LHB Seung-chun Mun 0-0: Called Strike
0-1: Ball
1-1: Ground out 1-3 (Groundball, 15)
Batting: RHB Sergio Márquez 0-0: Called Strike
0-1: Called Strike
0-2: Strikes out swinging
Batting: LHB Mike Callahan 0-0: Fly out, F6 (Line Drive, 6M)
Bottom of the 2nd over - 0 run(s), 0 hit(s), 0 error(s), 0 left on base; Jersey Shore 0 - Madison 0
TOP OF THE 3RD
Jersey Shore D-Bags batting - Pitching for Madison Bombers : RHP Claudio Segura
Batting: RHB Cy Keynes 0-0: Called Strike
0-1: SINGLE (Flyball, 7S)
Batting: RHB Owen Carter 0-0: Foul Ball, location: 2F
0-1: Ball
1-1: Ball
2-1: Swinging Strike
2-2: SINGLE (Line Drive, 34D)
Cy Keynes to second
Runner from 2nd tries for 3rd, SAFE, throw made to third
Batting: RHB Ricardo González 0-0: Ball
1-0: Ball
2-0: Ball
3-0: Called Strike
3-1: Base on Balls
Owen Carter to second
Batting: RHB Millard Boyd 0-0: Called Strike
0-1: Foul Ball, location: 2F
0-2: Strikes out swinging
Batting: LHB Dave Dodd 0-0: Called Strike
0-1: SINGLE (Flyball, 7S)
Cy Keynes scores
Owen Carter to third
Ricardo González to second
Runner from 3rd tries for Home, SAFE, throw made home
Ricardo González to third
Dave Dodd to second
Batting: RHB Matt Doyle 0-0: Called Strike
0-1: Ground out 6-3 (Groundball, 6M)
Ricardo González scores
Dave Dodd to third
Batting: RHB Miguel Serna 0-0: Called Strike
0-1: Ball
1-1: Called Strike
1-2: Strikes out swinging
Top of the 3rd over - 3 run(s), 3 hit(s), 0 error(s), 1 left on base; Jersey Shore 3 - Madison 0
BOTTOM OF THE 3RD
Madison Bombers batting - Pitching for Jersey Shore D-Bags : LHP Ramón Ruíz
Batting: RHB Quinton Martínez 0-0: Called Strike
0-1: Swinging Strike
0-2: Ball
1-2: Foul Ball, location: 2F
1-2: Ball
2-2: Strikes out swinging
Batting: SHB Bob Warren 0-0: Ball
1-0: Fly out, F6 (Popup, 6M)
Batting: LHB Avery Hopkins 0-0: Called Strike
0-1: Ball
1-1: Called Strike
1-2: Strikes out swinging
Bottom of the 3rd over - 0 run(s), 0 hit(s), 0 error(s), 0 left on base; Jersey Shore 3 - Madison 0
TOP OF THE 4TH
Jersey Shore D-Bags batting - Pitching for Madison Bombers : RHP Claudio Segura
Batting: LHB Robert Phillips 0-0: Ball
1-0: Foul Ball, location: 2F
1-1: Fly out, F9 (Line Drive, 9D)
Batting: RHB Wilson Martínez 0-0: Called Strike
0-1: Swinging Strike
0-2: Ball
1-2: DOUBLE (Flyball, 8LXD)
Batting: RHB Cy Keynes 0-0: Ball
1-0: Called Strike
1-1: SINGLE (Groundball, 25) (infield hit)
Wilson Martínez to third
Batting: RHB Owen Carter 0-0: Ball
Cy Keynes is caught stealing 2nd base
1-0: Foul Ball, location: 2F
1-1: Fly out, F4 (Popup, 3DF)
Top of the 4th over - 0 run(s), 2 hit(s), 0 error(s), 1 left on base; Jersey Shore 3 - Madison 0
BOTTOM OF THE 4TH
Madison Bombers batting - Pitching for Jersey Shore D-Bags : LHP Ramón Ruíz
Batting: SHB Dave MacThomas 0-0: Ground out 5-3 (Groundball, 5)
Batting: LHB Sixto Cantú 0-0: Foul Ball, location: 2F
0-1: Called Strike
0-2: SOLO HOME RUN (Flyball, 7LD), Distance : 372 ft
Batting: RHB Vicente Aguirre 0-0: Called Strike
0-1: Ball
1-1: Ground out U3 (Groundball, 3L)
Batting: LHB Seung-chun Mun 0-0: Called Strike
0-1: Foul Ball, location: 2F
0-2: Fly out, F9 (Flyball, 89M)
Bottom of the 4th over - 1 run(s), 1 hit(s), 0 error(s), 0 left on base; Jersey Shore 3 - Madison 1
TOP OF THE 5TH
Jersey Shore D-Bags batting - Pitching for Madison Bombers : RHP Claudio Segura
Batting: RHB Ricardo González 0-0: Called Strike
0-1: Ground out 1-3 (Groundball, 13)
Batting: RHB Millard Boyd 0-0: Ball
1-0: Ball
2-0: Ball
3-0: Base on Balls
Batting: LHB Dave Dodd 0-0: Called Strike
Millard Boyd steals 2nd base
0-1: Ball
Millard Boyd is caught stealing 3rd base
1-1: Foul Ball, location: 2F
1-2: Foul Ball, location: 2F
1-2: Foul Ball, location: 2F
1-2: Ball
2-2: Ball
3-2: SINGLE (Line Drive, 56D)
Batting: RHB Matt Doyle 0-0: Called Strike
0-1: Called Strike
0-2: Foul Ball, location: 2F
0-2: Ball
1-2: Strikes out looking
Top of the 5th over - 0 run(s), 1 hit(s), 0 error(s), 1 left on base; Jersey Shore 3 - Madison 1
BOTTOM OF THE 5TH
Madison Bombers batting - Pitching for Jersey Shore D-Bags : LHP Ramón Ruíz
Batting: RHB Sergio Márquez 0-0: Called Strike
0-1: Ball
1-1: Ground out 4-3 (Groundball, 4)
Batting: LHB Mike Callahan 0-0: Called Strike
0-1: Foul Ball, location: 2F
0-2: Ball
1-2: Strikes out swinging
Batting: RHB Quinton Martínez 0-0: Called Strike
0-1: Swinging Strike
0-2: Strikes out swinging
Bottom of the 5th over - 0 run(s), 0 hit(s), 0 error(s), 0 left on base; Jersey Shore 3 - Madison 1
TOP OF THE 6TH
Jersey Shore D-Bags batting - Pitching for Madison Bombers : RHP Claudio Segura
Batting: RHB Miguel Serna 0-0: Swinging Strike
0-1: Ball
1-1: Ground out 1-3 (Groundball, 13)
Batting: LHB Robert Phillips 0-0: Ball
1-0: Swinging Strike
1-1: SINGLE (Flyball, 7LS)
Batting: RHB Wilson Martínez 0-0: Called Strike
0-1: Ball
1-1: Ball
2-1: DOUBLE (Flyball, 8RXD)
Robert Phillips to third
Pitching: RHP Arthur Green
Batting: RHB Cy Keynes 0-0: Foul Ball, location: 2F
0-1: Ball
1-1: Called Strike
1-2: Foul Ball, location: 2F
1-2: SINGLE (Groundball, 56D)
Robert Phillips scores
Wilson Martínez to third
Runner from 3rd tries for Home, SAFE, no throw or cutoff
Batting: RHB Owen Carter 0-0: Foul Ball, location: 2F
0-1: Ball
1-1: Fly out, F8 (Flyball, 8RD)
Batting: RHB Ricardo González 0-0: Foul Ball, location: 2F
0-1: Ball
1-1: SINGLE (Groundball, 34D)
Cy Keynes to second
Runner from 2nd tries for 3rd, SAFE, throw made to third
Batting: RHB Millard Boyd 0-0: Ball
1-0: Called Strike
1-1: Ball
2-1: DOUBLE (Flyball, 8RXD)
Cy Keynes scores
Ricardo González to third
Runner from 3rd tries for Home, SAFE, no throw or cutoff
Batting: LHB Dave Dodd 0-0: Foul Ball, location: 2F
0-1: Ground out 5-3 (Groundball, 56)
Top of the 6th over - 4 run(s), 5 hit(s), 0 error(s), 1 left on base; Jersey Shore 7 - Madison 1
BOTTOM OF THE 6TH
Madison Bombers batting - Pitching for Jersey Shore D-Bags : LHP Ramón Ruíz
Batting: SHB Bob Warren 0-0: Ground out 6-3 (Groundball, 6)
Batting: LHB Avery Hopkins 0-0: Ball
1-0: SINGLE (Groundball, 34D)
Batting: SHB Dave MacThomas 0-0: Fly out, F7 (Line Drive, 7D)
Batting: LHB Sixto Cantú 0-0: Ball
1-0: Foul Ball, location: 2F
1-1: Swinging Strike
1-2: Ball
2-2: Strikes out swinging
Bottom of the 6th over - 0 run(s), 1 hit(s), 0 error(s), 1 left on base; Jersey Shore 7 - Madison 1
TOP OF THE 7TH
Jersey Shore D-Bags batting - Pitching for Madison Bombers : RHP Arthur Green
Batting: RHB Matt Doyle 0-0: Ball
1-0: Fly out, F4 (Popup, 4)
Batting: RHB Miguel Serna 0-0: Foul Ball, location: 2F
0-1: Swinging Strike
0-2: Ball
1-2: Fly out, F8 (Popup, 8LS)
Batting: LHB Robert Phillips 0-0: Ball
1-0: Ground out 1-3 (Groundball, 13)
Top of the 7th over - 0 run(s), 0 hit(s), 0 error(s), 0 left on base; Jersey Shore 7 - Madison 1
BOTTOM OF THE 7TH
Madison Bombers batting - Pitching for Jersey Shore D-Bags : LHP Ramón Ruíz
Now in RF: Lawrence Yates
Batting: RHB Vicente Aguirre 0-0: Called Strike
0-1: Ground out 4-3 (Groundball, 4)
Batting: LHB Seung-chun Mun 0-0: Ball
1-0: Ball
2-0: Ground out 4-3 (Groundball, 4)
Batting: RHB Sergio Márquez 0-0: Ground out 6-3 (Groundball, 6)
Bottom of the 7th over - 0 run(s), 0 hit(s), 0 error(s), 0 left on base; Jersey Shore 7 - Madison 1
TOP OF THE 8TH
Jersey Shore D-Bags batting - Pitching for Madison Bombers : RHP Arthur Green
Batting: RHB Wilson Martínez 0-0: DOUBLE (Line Drive, 9LS)
Batting: RHB Cy Keynes 0-0: Called Strike
0-1: Ball
1-1: Ground out 6-3 (Groundball, 6)
Wilson Martínez to third
Pitching: RHP Andy Parker
Batting: RHB Owen Carter 0-0: Ball
1-0: DOUBLE (Flyball, 78D)
Wilson Martínez scores
Pinch Hitting: RHB Pedro Rodríguez 0-0: Ball
1-0: Called Strike
1-1: Foul Ball, location: 2F
1-2: Ground out 6-3 (Groundball, 6)
Batting: RHB Millard Boyd 0-0: Called Strike
0-1: Foul Ball, location: 2F
0-2: Fly out, F9 (Flyball, 9LMF)
Top of the 8th over - 1 run(s), 2 hit(s), 0 error(s), 1 left on base; Jersey Shore 8 - Madison 1
BOTTOM OF THE 8TH
Madison Bombers batting - Pitching for Jersey Shore D-Bags : LHP Ramón Ruíz
Now at 2B: John Moore
Batting: LHB Mike Callahan 0-0: Fly out, F7 (Flyball, 78S)
Batting: RHB Quinton Martínez 0-0: Called Strike
0-1: Foul Ball, location: 2F
0-2: Ball
1-2: Strikes out swinging
Batting: SHB Bob Warren 0-0: Ball
1-0: Called Strike
1-1: Ball
2-1: Foul Ball, location: 2F
2-2: Foul Ball, location: 2F
2-2: Foul Ball, location: 2F
2-2: Fly out, F4 (Popup, 34D)
Bottom of the 8th over - 0 run(s), 0 hit(s), 0 error(s), 0 left on base; Jersey Shore 8 - Madison 1
TOP OF THE 9TH
Jersey Shore D-Bags batting - Pitching for Madison Bombers : RHP Andy Parker
Batting: LHB Dave Dodd 0-0: Foul Ball, location: 2F
0-1: Swinging Strike
0-2: Ball
1-2: Ball
2-2: Ball
3-2: Foul Ball, location: 2F
3-2: Strikes out swinging
Batting: RHB Matt Doyle 0-0: Ball
1-0: Foul Ball, location: 2F
1-1: Foul Ball, location: 2F
1-2: Strikes out swinging
Batting: RHB Miguel Serna 0-0: SINGLE (Groundball, 4D)
Batting: RHB Lawrence Yates 0-0: Called Strike
0-1: DOUBLE (Line Drive, 89M)
Miguel Serna to third
Runner from 3rd tries for Home, SAFE, no throw or cutoff
Batting: RHB Wilson Martínez 0-0: Called Strike
0-1: Foul Ball, location: 2F
0-2: Ball
1-2: Ball
2-2: Foul Ball, location: 2F
2-2: Foul Ball, location: 2F
2-2: Strikes out looking
Top of the 9th over - 1 run(s), 2 hit(s), 0 error(s), 1 left on base; Jersey Shore 9 - Madison 1
BOTTOM OF THE 9TH
Madison Bombers batting - Pitching for Jersey Shore D-Bags : LHP Ramón Ruíz
Batting: LHB Avery Hopkins 0-0: Ball
1-0: Called Strike
1-1: Called Strike
1-2: Strikes out looking
Batting: SHB Dave MacThomas 0-0: Ball
1-0: Fly out, F7 (Line Drive, 7M)
Batting: LHB Sixto Cantú 0-0: Foul Ball, location: 2F
0-1: Foul Ball, location: 2F
0-2: Ball
1-2: Fly out, F9 (Flyball, 9D)
Bottom of the 9th over - 0 run(s), 0 hit(s), 0 error(s), 0 left on base; Jersey Shore 9 - Madison 1
Monday, December 5th, 2016 - OOTP Baseball 17.12 Build 75